 Dungeon Crawl Stone Soup version 0.27.1-34-g3ba077fa99 (webtiles) character file.

Game seed: 8913361910713801019

18158 Arum the Thaumaturge (level 12, -41/74 HPs)
             Began as a Formicid Earth Elementalist on Jan 7, 2022.
             Was an Elder of Vehumet.
             Killed from afar by a fire dragon (69 damage)
             ... with a blast of flame
             ... on level 12 of the Dungeon.
             The game lasted 00:44:51 (15824 turns).

Arum the Thaumaturge (Formicid Earth Elementalist) Turns: 15824, Time: 00:44:52

Health: -41/74     AC:  6    Str: 14    XL:     12   Next: 91%
Magic:  4/28       EV: 13    Int: 31    God:    Vehumet [****..]
Gold:   1020       SH:  0    Dex:  7    Spells: 22/35 levels left

rFire    x . .     SeeInvis +   h - +3 short sword (venom)
rCold    . . .     Faith    .   (no shield)
rNeg     . . .     Spirit   .   u - +0 steam dragon scales
rPois    .         Reflect  .   (helmet unavailable)
rElec    .         Harm     .   (no cloak)
rCorr    .         Rampage  .   s - +0 pair of gloves
Will     ++...                  (no boots)
Stlth    ++........             (no amulet)
HPRegen  0.22/turn              C - +6 ring of intelligence
MPRegen  0.21/turn              k - ring "Aptaif" {rF- Will+ Int+6 Dex-4 Slay+4}

@: no status effects
A: permanent stasis, dig shafts and tunnels, antennae 3, four strong arms
a: Dig, Shaft Self, Renounce Religion


You were on level 12 of the Dungeon.
You worshipped Vehumet.
Vehumet was greatly pleased with you.
You visited 1 branch of the dungeon, and saw 12 of its levels.
You also visited: Ossuary.

You collected 1101 gold pieces.
You spent 81 gold pieces at shops.

Inventory:

Hand Weapons
 f - a +0 quarterstaff
 h - a +3 short sword of venom (weapon)
Missiles
 i - 167 stones
 y - 4 javelins
Armour
 e - a +0 buckler
 j - the +1 robe of a ziggurat {Drain rCorr Dex+5}
   (You took it off a centaur warrior on level 12 of the Dungeon)

   Dex:       It affects your dexterity (+5).
   rCorr:     It protects you from acid and corrosion.
   Drain:     It drains your maximum health when unequipped.
 s - a +0 pair of gloves (worn)
 u - +0 steam dragon scales (worn)
 v - a +0 troll leather armour
 D - the +8 orange crystal plate armour {Archmagi, Int+3 Clar}
   (You took it off an orc priest on level 12 of the Dungeon)

   Int:       It affects your intelligence (+3).
   Clar:      It protects you against confusion.
Jewellery
 g - a +6 ring of strength
 k - the ring "Aptaif" (right hand) {rF- Will+ Int+6 Dex-4 Slay+4}
   (You acquired it on level 4 of the Dungeon)

   [ring of slaying]

   Int:       It affects your intelligence (+6).
   Dex:       It affects your dexterity (-4).
   Slay:      It affects your accuracy & damage with ranged weapons and melee
   (+4).
   rF:        It makes you vulnerable to fire.
   Will:      It increases your willpower.
 C - a +6 ring of intelligence (left hand)
 E - a ring of protection from cold
Wands
 x - a wand of polymorph (7)
 A - a wand of charming (11)
Scrolls
 a - a scroll of silence
 b - 2 scrolls of enchant weapon
 l - 2 scrolls of fog
 o - 2 scrolls of amnesia
 r - 6 scrolls of identify
 w - 2 scrolls of magic mapping
 B - a scroll of fear
Potions
 c - 3 potions of attraction
 d - a potion of resistance
 m - 2 potions of flight
 n - 4 potions of mutation
 p - 2 potions of lignification
 q - 4 potions of curing
 t - a potion of brilliance
Miscellaneous
 z - a phantom mirror (inert)


   Skills:
 + Level 6.8 Dodging
 - Level 2.4 Stealth
 * Level 12.4 Spellcasting
 * Level 9.4 Conjurations
 - Level 5.0 Transmutations
 + Level 4.8 Fire Magic
 - Level 10.0 Earth Magic


You had 22 spell levels left.
You knew the following spells:

 Your Spells              Type           Power      Damage    Failure   Level
a - Sandblast             Erth           100%       2d20      1%          1
b - Stone Arrow           Conj/Erth      100%       3d13      1%          3
c - Bolt of Magma         Conj/Fire/Erth 31%        4d14      1%          5
d - Petrify               Tmut/Erth      60%        N/A       1%          4

Your spell library contained the following spells:

 Spells                   Type           Power      Damage    Failure   Level
 Frozen Ramparts          Ice            38%        1d5       2%          3
 Passwall                 Tmut/Erth      50%        N/A       1%          2
 Apportation              Tloc           38%        N/A       2%          1
 Corona                   Hex            21%        N/A       2%          1
 Spider Form              Tmut/Pois      17%        N/A       2%          3
 Ensorcelled Hibernation  Hex/Ice        38%        N/A       3%          2
 Leda's Liquefaction      Hex/Erth       25%        N/A       3%          4
 Yara's Violent Unravell  Hex/Tmut       17%        3d8       7%          5
 Tukima's Dance           Hex            19%        N/A       8%          3
 Statue Form              Tmut/Erth      40%        N/A       19%         6
 Passage of Golubria      Tloc           N/A        N/A       26%         4
 Alistair's Intoxication  Tmut/Pois      22%        N/A       26%         5
 Manifold Assault         Tloc           19%        N/A       56%         5
 Metabolic Englaciation   Hex/Ice        9%         N/A       56%         5
 Invisibility             Hex            9%         N/A       98%         6
 Shadow Creatures         Summ           N/A        N/A       98%         6
 Storm Form               Tmut/Air       17%        N/A       100%        7
 Blink                    Tloc           Unusable   N/A       N/A         2

Dungeon Overview and Level Annotations

Branches:
Dungeon (12/15)            Temple (0/1) D:6            Lair (0/6) D:11
    Orc (0/2) D:11        Ossuary (visited)

Altars:
Ashenzari
Elyvilon
Nemelex Xobeh
Qazlal
Ru
Sif Muna
Trog
Vehumet
Zin
Beogh

Shops:
D:4 *   D:6 (

Annotations:
D:11 3 runed translucent doors, Garym's ghost, journeyman MiGl


Innate Abilities, Weirdness & Mutations

You cannot be hasted, slowed, berserked, paralysed or teleported.
You can dig through walls and to a lower floor.
You have a pair of large antennae on your head. (SInv)
Your four strong arms can wield two-handed weapons with a shield.


Message History

Your orc hits the sphinx but does no damage.
Unknown command.
Your orc hits the sphinx with a +0 hand axe!
Items here: $ ) [ †.
Aiming: Polymorph
Press: ? - help, Shift-Dir - straight line, f - sphinx, p - orc
Aim: a sphinx (heavily wounded, ally target, will become a great orb of eyes, a quicksilver dragon, or a fire dragon, chance to affect: 15%)
Okay, then.
The sphinx casts a spell.
Something smites you!
Your orc hits the sphinx with a +0 hand axe.
Items here: ! ( )) ††.
Unknown command.
The sphinx hits your orc!
Your orc dies!
Items here: ! ( )) ††.
Press: ? - help, v - describe, . - travel
Here: a sphinx (heavily wounded)
The floor.
Casting: Bolt of Magma (dangerous; 1% risk of failure)
Confirm with . or Enter, or press ? or * to list all spells.
You don't have enough magic to cast this spell.
Aiming: Polymorph
Press: ? - help, Shift-Dir - straight line, f - sphinx
Aim: a sphinx (heavily wounded, will become a great orb of eyes, a quicksilver dragon, or a fire dragon, chance to affect: 15%)
The sphinx resists with almost no effort.
Aiming: Polymorph
Press: ? - help, Shift-Dir - straight line, f/p - sphinx
Aim: a sphinx (heavily wounded, will become a great orb of eyes, a quicksilver dragon, or a fire dragon, chance to affect: 15%)
The sphinx evaporates and reforms as a fire dragon!
Aiming: Polymorph
Press: ? - help, Shift-Dir - straight line, f/p - fire dragon
Aim: a fire dragon (will become an ice dragon, a spark wasp, or a sky beast, chance to affect: 15%)
The fire dragon resists with almost no effort.
The fire dragon bites you. The fire dragon claws you.
The fire dragon tramples you but does no damage.
The fire dragon breathes flames at you. The blast of flame hits you!!!
The fire burns you terribly!
Ouch! That really hurt!
You die...

.##.###.........###.##.##
#.....##.......##.....##.
###.##.##.....##.##.###..
.....##.#.....#.##..)....
......#.#.....#.#........
........)))...)..........
......#D#..)..#.#......##
#.....#.##...##.#.....##
#.....##@##.##.##....##
#.#....##.....##....## #
##....###.###.....#
#.............[.##
#.############..# #. ##.#
#. #########.#
..........######
.#######..†.....


You could see a fire dragon (catching breath).

Vanquished Creatures
  2 ettins (D:12)
  A hydra (D:11)
  A boulder beetle (D:12)
  A centaur warrior (D:12)
  Pikel (D:4)
  2 deep elf pyromancers (D:12)
  A manticore (D:12)
  A cyclops (D:11)
  2 slime creatures (D:12)
  Maggie (D:7)
  2 gargoyles
  An unseen horror (shapeshifter) (D:12)
  An efreet (D:12)
  5 trolls
  A hornet (D:7)
  3 shadows
  3 wyverns
  Sigmund (D:2)
  11 yaks
  7 vampire mosquitoes
  An acid dragon (D:10)
  Duvessa (D:4)
  4 ice beasts
  A sky beast (D:8)
  3 orc warriors
  5 black bears
  2 necrophages
  5 centaurs
  3 ogres
  A phantom (D:5)
  A kobold brigand (D:9)
  3 bullfrogs
  3 scorpions
  3 gnoll sergeants
  Dowan (D:4)
  2 water moccasin skeletons (D:5)
  12 wights
  12 killer bees
  A howler monkey (D:6)
  7 electric eels (D:8)
  A crimson imp (D:7)
  2 centaur zombies
  4 hounds
  A gnoll shaman (D:8)
  4 orc priests
  Jessica (D:2)
  A centaur skeleton (D:4)
  4 orc wizards
  3 iguanas
  8 mummies (Ossuary)
  Robin (D:2)
  A howler monkey zombie (D:8)
  8 adders
  15 gnolls
  2 howler monkey skeletons
  A shadow imp (D:6)
  A white imp (D:7)
  A worm (D:2)
  4 dart slugs
  25 orcs
  7 endoplasms
  A giant cockroach (D:3)
  14 goblins
  8 hobgoblins
  6 jackals
  3 quokkas
  5 ball pythons
  5 bats
  3 frilled lizards
  A hobgoblin zombie (Ossuary)
  16 kobolds
  3 kobold zombies (Ossuary)
  4 orc zombies (Ossuary)
  8 rats
291 creatures vanquished.

Vanquished Creatures (others)
  An orc (D:12)
  14 fungi
  21 plants
  2 toadstools (D:8)
38 creatures vanquished.

Grand Total: 329 creatures vanquished

Notes
Turn   | Place    | Note
-------+----------+-------------------------------------------
     0 | D:1      | Arum the Formicid Earth Elementalist began the quest for
                  | the Orb.
     0 | D:1      | Reached XP level 1. HP: 13/13 MP: 3/3
    83 | D:1      | Found a faded altar of an unknown god.
   190 | D:1      | Reached XP level 2. HP: 18/19 MP: 0/5
   947 | D:1      | Reached XP level 3. HP: 24/24 MP: 5/7
  1344 | D:2      | Reached skill level 3 in Spellcasting
  1441 | D:2      | Noticed Sigmund
  1443 | D:2      | Noticed Jessica
  1445 | D:2      | Killed Jessica
  1446 | D:2      | Reached XP level 4. HP: 30/30 MP: 6/8
  1463 | D:2      | Killed Sigmund
  1464 | D:2      | Reached skill level 4 in Spellcasting
  1464 | D:2      | Reached skill level 5 in Earth Magic
  1464 | D:2      | Reached XP level 5. HP: 24/35 MP: 0/11
  1464 | D:2      | Reached XP level 6. HP: 28/41 MP: 0/12
  1694 | D:2      | Noticed Robin
  1719 | D:2      | Killed Robin
  2027 | D:2      | Learned a level 3 spell: Stone Arrow
  2038 | D:2      | Noticed an ogre
  2046 | D:2      | Killed an ogre
  2646 | D:3      | Reached XP level 7. HP: 40/46 MP: 14/14
  3066 | D:3      | Reached skill level 5 in Spellcasting
  3341 | D:4      | Reached skill level 1 in Conjurations
  3442 | D:4      | Identified a scroll of acquirement
  3442 | D:4      | Acquired the ring "Aptaif" {rF- Will+ Int+6 Dex-4 Slay+4}
  3572 | D:4      | Found a glowing silver altar of Zin.
  3668 | D:4      | Found Ceezoca's Assorted Antiques.
  3680 | D:4      | Bought a scroll labelled FUROSID MUEXT for 28 gold pieces
  3680 | D:4      | Bought a bubbling clear potion for 25 gold pieces
  3680 | D:4      | Bought a scroll labelled UKOORO EHAN for 28 gold pieces
  3706 | D:4      | Found a stormy altar of Qazlal.
  3742 | D:4      | Noticed Pikel
  3751 | D:4      | Killed Pikel
  3752 | D:4      | Reached skill level 6 in Spellcasting
  3752 | D:4      | Reached XP level 8. HP: 34/52 MP: 8/17
  3873 | D:4      | Found a radiant altar of Vehumet.
  3884 | D:4      | Became a worshipper of Vehumet
  3967 | D:4      | Noticed Duvessa
  3968 | D:4      | Noticed Dowan
  3977 | D:4      | Killed Duvessa
  3981 | D:4      | Killed Dowan
  4516 | D:5      | Entered Level 5 of the Dungeon
  4528 | D:5      | Found a sparkling altar of Nemelex Xobeh.
  4644 | D:5      | Reached XP level 9. HP: 51/57 MP: 10/19
  4671 | D:5      | Reached skill level 7 in Spellcasting
  5024 | D:5      | Found a sand-covered staircase.
  5033 | Ossuary  | Entered an ossuary
  5112 | Ossuary  | Reached * piety under Vehumet
  5112 | Ossuary  | Offered knowledge of Shock by Vehumet.
  5371 | D:5      | Found a bloodstained altar of Trog.
  5380 | D:5      | Reached skill level 5 in Dodging
  5466 | D:5      | Reached skill level 8 in Spellcasting
  5924 | D:6      | Offered knowledge of Freeze by Vehumet.
  5928 | D:6      | Reached ** piety under Vehumet
  5929 | D:6      | Reached XP level 10. HP: 49/63 MP: 17/22
  6018 | D:6      | Found a sacrificial altar of Ru.
  6024 | D:6      | Found a shimmering blue altar of Sif Muna.
  6066 | D:6      | Reached skill level 9 in Spellcasting
  6148 | D:6      | Reached skill level 5 in Conjurations
  6205 | D:6      | Found a white marble altar of Elyvilon.
  6606 | D:6      | Found Teuxtese's Weapon Boutique.
  6661 | D:6      | Found a staircase to the Ecumenical Temple.
  7310 | D:7      | Offered knowledge of Conjure Flame by Vehumet.
  7593 | D:7      | Noticed Maggie
  7602 | D:7      | Killed Maggie
  7847 | D:7      | Reached skill level 10 in Spellcasting
  9303 | D:8      | Reached XP level 11. HP: 44/68 MP: 22/25
  9764 | D:8      | Reached skill level 10 in Earth Magic
  9933 | D:8      | Reached *** piety under Vehumet
 10214 | D:8      | Learned a level 5 spell: Bolt of Magma
 11223 | D:9      | Found a broken altar of Ashenzari.
 11661 | D:10     | Entered Level 10 of the Dungeon
 11670 | D:10     | Reached skill level 1 in Fire Magic
 12330 | D:10     | Offered knowledge of Fulminant Prism by Vehumet.
 12612 | D:10     | Reached skill level 11 in Spellcasting
 13461 | D:11     | Noticed a cyclops
 13469 | D:11     | Learned a level 4 spell: Petrify
 13484 | D:11     | Killed a cyclops
 13628 | D:11     | Noticed a five-headed hydra
 13636 | D:11     | Killed a five-headed hydra
 13637 | D:11     | Reached skill level 5 in Transmutations
 13637 | D:11     | Reached XP level 12. HP: 26/74 MP: 15/27
 13892 | D:11     | Found a staircase to the Orcish Mines.
 14069 | D:11     | Found a runed translucent gate.
 14070 | D:11     | Found a runed translucent gate.
 14071 | D:11     | Found a runed translucent gate.
 14071 | D:11     | Identified the +1 plate armour of Liopt {Fly rCorr Str+2
                  | Stlth-}
 14072 | D:11     | Noticed Garym's ghost (journeyman MiGl)
 14279 | D:11     | Found a staircase to the Lair.
 14411 | D:12     | Noticed a boulder beetle
 14434 | D:12     | Killed a boulder beetle
 14697 | D:12     | Noticed an ettin
 15200 | D:12     | Noticed an ettin
 15204 | D:12     | Reached **** piety under Vehumet
 15205 | D:12     | Reached skill level 12 in Spellcasting
 15215 | D:12     | Killed an ettin
 15327 | D:12     | Identified the +1 robe of a ziggurat {Drain rCorr Dex+5}
 15327 | D:12     | Noticed a centaur warrior
 15370 | D:12     | Killed a centaur warrior
 15626 | D:12     | Killed an ettin
 15794 | D:12     | Noticed a sphinx
 15796 | D:12     | Offered knowledge of Frozen Ramparts by Vehumet.
 15820 | D:12     | Noticed a fire dragon
 15820 | D:12     | a sphinx changed into a fire dragon
 15824 | D:12     | Killed from afar by a fire dragon

Illustrated notes

Levels and vault maps discovered:
D:1:      lightli_arrival_isolated_outpost, layout_basic,
          hellmonk_ecumenical_altar_heavens_door, serial_bayou_pond_d
D:2:      layout_basic, uniq_sigmund, uniq_jessica, uniq_robin
D:3:      layout_rooms
D:4:      layout_loops_corners, mainiacjoe_overflow_small_starburst,
          old_standard_altar, lemuel_doored_altar, serial_shops, shop,
          uniq_duvessa, uniq_pikel
D:5:      layout_basic, nemelex_altar_shiori, trog_ov_bears_minmay,
          nicolae_ossuary_entry_monument
D:6:      layout_cave_pools, nicolae_overflow_hidden_temple, elyvilon_altar_1,
          lemuel_temple_firewalk_b, serial_shops, kennysheep_mini,
          uniq_crazy_yiuf_cottage
D:7:      layout_cave_pods, minmay_fire_ice_demons, uniq_maggie
D:8:      layout_layer_cave, minmay_gold_behind_fungi, chequers_big_river,
          grunt_ministairs_3
D:9:      layout_roguey, mainiacjoe_overflow_boulevard, minivault_5
D:10:     layout_long_grid, grunt_decor_fettered
D:11:     layout_loops_ring, grunt_lair_entry_orc_guard_hut,
          biasface_ghost_orc_armoury
D:12:     minmay_strange_plus, layout_loops_ring

Skill      XL: |  1  2  3  4  5  6  7  8  9 10 11 12 |
---------------+-------------------------------------+-----
Earth Magic    | 4 5 6 7 8 9 10 | 10.0
Dodging        | 2 3 4 5 6 |  6.8
Spellcasting   | 3 4 6 8 10 11 12 | 12.4
Conjurations   | 2 3 4 6 8 9 |  9.4
Transmutations | 3 5 |  5.0
Fire Magic     | 3 4 |  4.8
Stealth        | |  2.4

Action                   |  1- 3 |  4- 6 |  7- 9 | 10-12 || total
-------------------------+-------+-------+-------+-------++-------
Melee: Unarmed           |    10 |       |       |       ||    10
       Quarterstaff      |    14 |     3 |       |       ||    17
       Short sword       |       |    36 |    47 |    31 ||   114
 Cast: Sandblast         |    33 |    30 |   121 |    94 ||   278
       Stone Arrow       |       |     2 |    10 |   171 ||   183
       Bolt of Magma     |       |       |       |    33 ||    33
       Petrify           |       |       |       |    14 ||    14
 Abil: Dig               |       |     1 |       |     6 ||     7
Evoke: Wand              |       |       |       |     4 ||     4
       Phantom mirror    |       |       |       |     1 ||     1
  Use: Potion            |       |     1 |       |     3 ||     4
       Scroll            |       |       |    15 |     5 ||    20
 Stab: Sleeping          |       |       |     2 |     1 ||     3
       Petrified         |       |       |       |    17 ||    17
Armor: Robe              |     2 |     7 |    10 |     1 ||    20
       Steam dragon scal |       |       |       |    22 ||    22
Dodge: Dodged            |    20 |    28 |    41 |    85 ||   174
